 Dungeon Sprint DCSS version 0.28.0-49-g6dfe1f597d (webtiles) character file.

Game seed: 9164104467936038965

20134 Revguard the Champion of Chaos (level 12, -2/122 HPs)
             Began as a Deep Dwarf Fighter on May 18, 2022.
             Was the Champion of Makhleb.
             Slain by an iron dragon (15 damage)
             ... in the Dungeon (Sprint V: "Ziggurat Sprint").
             The game lasted 00:13:45 (542 turns).

Revguard the Champion of Chaos (Deep Dwarf Fighter)  Turns: 542, Time: 00:13:47

Health: -2/122     AC: 32    Str: 26    XL:     12   Next: 42%
Magic:  21/22      EV: 15    Int: 12    God:    Makhleb [******]
Gold:   0          SH: 33    Dex: 24    Spells: 11/11 levels left

rFire   + . .      SeeInvis +   D - +14 obsidian axe {vorpal, Mesm Drain Fly SInv}
rCold   . . .      Faith    .   F - +18 shield of the Gong {rElec rN+ Will+ EV-5}
rNeg    + . .      Spirit   .   E - +15 Maxwell's patent armour {-Cast -Tele rElec Will+ rCorr}
rPois   +          Reflect  .   K - +2 helmet {Int+3}
rElec   +          Harm     .   (no cloak)
rCorr   +          Rampage  .   S - +1 pair of gloves {Dex+3}
Will    ++++.      NoTele   +   (no boots)
Stlth   .......... NoCast   +   (no amulet)
HPRegen 0.00/turn               n - ring of Ropane {rF+ EV+4 Str+3 SInv}
MPRegen 0.18/turn               N - ring "Keorocry" {rPois Will+ Dex+7 SInv Stlth-}

@: mighty, on berserk cooldown, flying, mesmerised, slowed, very slow
A: damage resistance, heal wounds, sense surroundings 2, no regeneration,
deformed body
a: Heal Wounds, Renounce Religion, Minor Destruction, Lesser Servant of Makhleb,
Major Destruction, Greater Servant of Makhleb


You were in the Dungeon.
You worshipped Makhleb.
Makhleb was exalted by your worship.
You visited 1 branch

Inventory:

Hand Weapons
 D - the +14 obsidian axe (weapon) {vorpal, Mesm Drain Fly SInv}
   (You found it in the Dungeon)

   It inflicts extra damage upon your enemies.
   It occasionally summons demons to assist the wielder when it strikes in
   combat.
   Its wielder is mesmerised by any visible foes.
   It cannot be unequipped while any foes are visible.
   SInv:      It lets you see invisible.
   Fly:       It grants you flight.
   Drain:     It drains your maximum health when unequipped.
Armour
 E - the +15 Maxwell's patent armour (worn) {-Cast -Tele rElec Will+ rCorr}
   (You found it in the Dungeon)

   rElec:     It insulates you from electricity.
   -Cast:     It prevents spellcasting.
   -Tele:     It prevents most forms of teleportation.
   rCorr:     It protects you from acid and corrosion.
   Will:      It increases your willpower.
 F - the +18 shield of the Gong (worn) {rElec rN+ Will+ EV-5}
   (You found it in the Dungeon)

   It is deafeningly noisy when blocking attacks.
   EV:        It affects your evasion (-5).
   rElec:     It insulates you from electricity.
   rN:        It protects you from negative energy.
   Will:      It increases your willpower.
 K - a +2 helmet of intelligence (worn)
 S - a +1 pair of gloves of dexterity (worn)
Jewellery
 n - the ring of Ropane (left hand) {rF+ EV+4 Str+3 SInv}
   (You found it in the Dungeon)

   [ring of evasion]

   EV:        It affects your evasion (+4).
   Str:       It affects your strength (+3).
   rF:        It protects you from fire.
   SInv:      It lets you see invisible.
 t - a ring of flight
 u - a +6 ring of dexterity
 v - a +6 ring of dexterity
 w - a +6 ring of intelligence
 x - a +6 ring of intelligence
 y - a +6 ring of strength
 z - a +6 ring of strength
 H - a ring of protection from fire
 I - an amulet of faith
 L - a ring of protection from fire
 M - a +4 ring of protection
 N - the ring "Keorocry" (right hand) {rPois Will+ Dex+7 SInv Stlth-}
   (You found it in the Dungeon)

   [ring of willpower]

   Dex:       It affects your dexterity (+7).
   rPois:     It protects you from poison.
   SInv:      It lets you see invisible.
   Will:      It increases your willpower.
   Stlth:     It makes you less stealthy.
 O - a ring of poison resistance
 P - the ring "Lusank" {MP+9 Dex+5 Stlth+}
   (You found it in the Dungeon)

   [ring of magical power]

   Dex:       It affects your dexterity (+5).
   MP:        It affects your magic capacity (+9).
   Stlth:     It makes you more stealthy.
 Q - a ring of wizardry
 R - a ring of protection from cold
Wands
 A - a wand of mindburst (7)
 B - a wand of iceblast (7)
 C - a wand of acid (7)
Scrolls
 j - 4 scrolls of blinking
 o - 4 scrolls of amnesia
 p - 7 scrolls of fog
 q - a scroll of holy word
 r - 5 scrolls of identify
 s - 2 scrolls of fear
Potions
 d - 6 potions of might
 e - 10 potions of curing
 f - 3 potions of heal wounds
 g - 6 potions of haste
 h - 7 potions of magic
 i - 2 potions of berserk rage
 k - 2 potions of brilliance
 l - 2 potions of invisibility
 m - 3 potions of resistance
Miscellaneous
 G - a lightning rod (4/4)
 J - a tin of tremorstones (2/2)


   Skills:
 + Level 12.2 Fighting
 + Level 13.9 Axes
 + Level 14.1 Armour
 + Level 13.7 Dodging
 + Level 14.1 Shields
 + Level 16.0 Invocations
 + Level 16.0 Evocations


You had 11 spell levels left.
You didn't know any spells.
Your spell library contained the following spells:

 Spells                   Type           Power      Damage    Failure   Level
 Apportation              Tloc           0%         N/A       99%         1
 Magic Dart               Conj           0%         1d3       99%         1
 Call Imp                 Summ           0%         N/A       100%        2
 Corpse Rot               Necr/Air       0%         N/A       100%        2
 Ensorcelled Hibernation  Hex/Ice        0%         N/A       100%        2
 Passwall                 Tmut/Erth      0%         N/A       100%        2
 Poisonous Vapours        Pois/Air       0%         N/A       100%        2
 Gell's Gravitas          Tloc           0%         N/A       100%        3
 Lesser Beckoning         Tloc           0%         N/A       100%        3
 Mephitic Cloud           Conj/Pois/Air  0%         N/A       100%        3
 Swiftness                Air            0%         N/A       100%        3
 Teleport Other           Tloc           0%         N/A       100%        3
 Dispel Undead            Necr           0%         3d6       100%        4
 Summon Lightning Spire   Summ/Air       0%         N/A       100%        4
 Alistair's Intoxication  Tmut/Pois      0%         N/A       100%        5
 Death Channel            Necr           0%         N/A       100%        6


Dungeon Overview and Level Annotations

Branches:
Dungeon (1/1)

Altars:
Ashenzari
Cheibriados
Dithmenos
Elyvilon
Fedhas
Gozag
Hepliaklqana
Kikubaaqudgha
Makhleb
Nemelex Xobeh
Okawaru
Qazlal
Ru
Sif Muna
Trog
Uskayaw
Vehumet
Wu Jian
Xom
Yredelemnul
Zin
The Shining One
Beogh
Jiyva
Lugonu


Innate Abilities, Weirdness & Mutations

You are resistant to damage.
You can heal yourself by infusing magical energy.
You passively map the area around you.
You do not regenerate.
Armour fits poorly on your strangely shaped body.


Message History

The iron golem is severely damaged.
You slash the iron dragon! You block the iron dragon's attack.
GONNNNG!
The iron dragon closely misses you. You block the iron dragon's attack.
GONNNNG!
The iron golem hits your hellwing! The iron golem misses your hellwing.
Your hellwing hits the iron golem but does no damage. x2
You block the iron golem's attack.
BOUMMMMG!
The iron golem hits you!
* * * LOW HITPOINT WARNING * * *
The iron golem hits your hellwing!! x2
Your hellwing dies!
Your hellwing disappears in a puff of smoke!
The iron dragon bites you but does no damage.
You block the iron dragon's attack.
BONNNG!
The iron dragon tramples you.
* * * LOW HITPOINT WARNING * * *
You are shoved backwards!
You slash the iron dragon!
The iron dragon is almost dead.
Visions of slaying the iron dragon flood into your mind.
You block the iron dragon's attack.
BOUMMMMG!
You block the iron dragon's attack.
GONNNNG!
The iron dragon tramples you.
You hold your ground!
The iron golem hits you!
* * * LOW HITPOINT WARNING * * *
You block the iron golem's attack.
GONNNNG!
Unknown command.
You feel much better.
Visions of slaying the iron golem flood into your mind.
You block the iron golem's attack.
PANG!
The iron golem hits you!!
* * * LOW HITPOINT WARNING * * *
The iron dragon bites you!
You die...

, 8,
,,▓...[)|")[..▓...©....
,, ,
,▓...........▓▓▓▓▓▓▓▓▓
, , ,
▓...........▓...8©8..
,, , ,
▓...........▓..)|.... ,
▓...........▓...))|..
,, , ,
▓..▓)..).▓..▓........
,, ,▓.▓.▓E.†▓.▓
▓........ ,
,,▓..▓9D9..▓..▓.......)
,
,,▓...@.©.....▓......).
, ,
▓▓▓▓▓▓▓▓▓▓▓▓▓.▓....(▓ ,
,,
▓....8©8....▓....©((† ,
, , ,
▓..}||)==)..▓▓▓▓▓▓▓▓▓ ,
© ,
▓...)))|)...▓...8©8.. *
▓....††)....▓..[)))[. ,
, 8 ,
▓.....[.....▓....)).. ,
,,,,
▓...........▓........
▓......†....▓........


You could see an iron golem (mesmerising), an iron dragon (corroded), an earth
elemental and a gargoyle.

Vanquished Creatures
  A quicksilver dragon (D)
  An iron dragon (D)
  A stone giant (D)
  A green draconian (D)
  A yellow draconian (D)
  A purple draconian (D)
  2 crystal guardians (D)
  2 orc knights (D)
  An orc sorcerer (D)
  4 draconians (D)
  A naga mage (D)
  3 black mambas (D)
  A guardian serpent (D)
  A gargoyle (D)
  A rime drake (shapeshifter) (D)
  An efreet (D)
  3 wind drakes (D)
  2 merfolk (D)
  2 meliai (shapeshifter) (D)
  3 slime creatures (D)
  A neqoxec (D)
  A warg (D)
  A naga (D)
  A water moccasin (D)
  2 hell hounds (D)
  A floating eye (D)
  4 orc warriors (D)
  A centaur (D)
  A phantom (D)
  4 quasits (D)
  A jelly (D)
  An orc priest (D)
  An iron imp (D)
  An orc wizard (D)
  2 adders (D)
  2 shadow imps (D)
  2 white imps (D)
  2 ufetubi (D)
  An adder skeleton (D)
  2 endoplasms (D)
  5 ball pythons (D)
  A ball python skeleton (D)
  A fire vortex (D)
72 creatures vanquished.

Vanquished Creatures (collateral kills)
  2 acid blobs (D)
  A black draconian (D)
  A great orb of eyes (D)
  An ugly thing (D)
  2 gargoyles (D)
  A vampire (D)
  A small abomination (D)
  A fire elemental (D)
  A neqoxec (D)
  A water moccasin (D)
  An ogre (D)
  A centaur (D)
  An earth elemental (D)
  An orc wizard (D)
  An adder (D)
  2 white imps (D)
  2 orcs (D)
  A ball python (D)
  A fire vortex (D)
23 creatures vanquished.

Grand Total: 95 creatures vanquished

Notes
Turn   | Place    | Note
-------+----------+-------------------------------------------
     0 | D        | Revguard the Deep Dwarf Fighter began the quest for the
                  | Orb.
     0 | D        | Reached XP level 1. HP: 20/20 MP: 1/1
     0 | D        | Found a shimmering blue altar of Sif Muna.
     0 | D        | Found a bloodstained altar of Trog.
     0 | D        | Found a sacrificial altar of Ru.
     0 | D        | Found a stormy altar of Qazlal.
     0 | D        | Found an iron altar of Okawaru.
     1 | D        | Found a sparkling altar of Nemelex Xobeh.
     1 | D        | Found a blossoming altar of Fedhas.
     1 | D        | Found the +6 Majin-Bo {vamp, MP+6 Int+6}
     1 | D        | Found the +9 heavy crossbow "Sniper" {vorpal, Acc+∞ SInv}
     1 | D        | Found the +10 dark maul {vorpal}
     1 | D        | Found the +15 Maxwell's patent armour {-Cast -Tele rElec
                  | Will+ rCorr}
     1 | D        | Found the +18 shield of the Gong {rElec rN+ Will+ EV-5}
     1 | D        | Found the +14 obsidian axe {vorpal, Mesm Drain Fly SInv}
     1 | D        | Found the +7 great mace "Firestarter" {inner flame, rF++}
     1 | D        | Found the +6 shillelagh "Devastator" {shatter}
     1 | D        | Found the +11 plutonium sword {Contam Stlth-}
     1 | D        | Found the +8 lance "Wyrmbane" {slay drac, rPois rF+ rC+
                  | AC+3}
     1 | D        | Found the +9 sword of Zonguldrok {reap}
     1 | D        | Found the +13 scythe of Curses {drain, Drain}
     1 | D        | Found the +5 sword of Power {vorpal}
     1 | D        | Found the +7 mace of Variability {chain chaos}
     1 | D        | Found the +7 Singing Sword {vorpal, sonic wave}
     1 | D        | Found the +8 storm bow {elec, penet}
     3 | D        | Found a transporter.
     3 | D        | Found an ancient bone altar of Kikubaaqudgha.
     3 | D        | Found a viscous altar of Jiyva.
     3 | D        | Found a corrupted altar of Lugonu.
     3 | D        | Found a hazy altar of Hepliaklqana.
     3 | D        | Found a burning altar of Makhleb.
     3 | D        | Found an opulent altar of Gozag.
    64 | D        | Became a worshipper of Makhleb the Destroyer
    75 | D        | Reached XP level 2. HP: 31/31 MP: 1/4
    83 | D        | Entered arena 2.
    83 | D        | Noticed a phantom
    83 | D        | Found a transporter.
    87 | D        | Killed a phantom
    88 | D        | Reached skill level 5 in Armour
    88 | D        | Reached skill level 5 in Shields
    88 | D        | Reached XP level 3. HP: 38/38 MP: 2/6
    88 | D        | Reached XP level 4. HP: 45/45 MP: 2/7
    94 | D        | Entered arena 3.
    94 | D        | Found a transporter.
    96 | D        | Reached * piety under Makhleb
   100 | D        | Reached skill level 5 in Fighting
   103 | D        | Got the ring of Ropane {rF+ EV+4 Str+3 SInv}
   109 | D        | Entered arena 4.
   109 | D        | Found a transporter.
   111 | D        | Reached ** piety under Makhleb
   112 | D        | Reached skill level 5 in Axes
   112 | D        | Reached skill level 5 in Invocations
   112 | D        | Reached skill level 5 in Evocations
   112 | D        | Reached XP level 5. HP: 52/52 MP: 4/8
   120 | D        | Entered arena 5.
   120 | D        | Found a transporter.
   122 | D        | Reached *** piety under Makhleb
   125 | D        | Reached **** piety under Makhleb
   126 | D        | Reached skill level 5 in Dodging
   132 | D        | Entered arena 6.
   132 | D        | Noticed a water moccasin
   132 | D        | Found a transporter.
   136 | D        | Killed a water moccasin
   137 | D        | Reached XP level 6. HP: 62/62 MP: 7/11
   142 | D        | Got the Papyrus of Ashen Lightness
   147 | D        | Entered arena 7.
   147 | D        | Noticed a fire elemental
   147 | D        | Noticed a hell hound
   147 | D        | Noticed a hell hound
   147 | D        | Noticed an efreet
   148 | D        | Found a transporter.
   151 | D        | Killed a fire elemental
   151 | D        | Reached ***** piety under Makhleb
   152 | D        | Killed an efreet
   152 | D        | Killed a hell hound
   152 | D        | Killed a hell hound
   153 | D        | Reached XP level 7. HP: 72/72 MP: 9/13
   167 | D        | Entered arena 8.
   167 | D        | Noticed a meliai
   167 | D        | Noticed a cyan ugly thing
   167 | D        | Noticed a neqoxec
   167 | D        | Noticed a meliai
   167 | D        | Noticed a rime drake
   167 | D        | Noticed a neqoxec
   168 | D        | Found a transporter.
   168 | D        | Gained mutation: Armour fits poorly on your strangely
                  | shaped body. [a neqoxec]
   169 | D        | Killed a neqoxec
   169 | D        | Killed a meliai
   170 | D        | Reached XP level 8. HP: 80/80 MP: 12/14
   170 | D        | Killed a meliai
   172 | D        | Killed a rime drake
   172 | D        | Killed a cyan ugly thing
   172 | D        | Reached ****** piety under Makhleb
   173 | D        | Reached skill level 10 in Invocations
   173 | D        | Reached skill level 10 in Evocations
   173 | D        | Gained mutation: You passively map the area around you.
                  | [Deep Dwarf growth]
   173 | D        | Reached XP level 9. HP: 88/88 MP: 12/16
   182 | D        | Entered arena 9.
   182 | D        | Noticed a wind drake
   182 | D        | Noticed a merfolk
   182 | D        | Noticed a wind drake
   182 | D        | Noticed a merfolk
   182 | D        | Noticed a wind drake
   183 | D        | Found a transporter.
   189 | D        | Killed a wind drake
   195 | D        | Killed a wind drake
   197 | D        | Killed a merfolk
   198 | D        | Reached skill level 10 in Shields
   202 | D        | Killed a wind drake
   203 | D        | Reached skill level 10 in Armour
   207 | D        | Killed a merfolk
   223 | D        | Entered arena 10.
   223 | D        | Noticed a draconian
   223 | D        | Noticed a yellow draconian
   223 | D        | Noticed a black draconian
   223 | D        | Noticed a green draconian
   223 | D        | Noticed a draconian
   223 | D        | Noticed a draconian
   223 | D        | Noticed a draconian
   223 | D        | Noticed a purple draconian
   225 | D        | Found a transporter.
   232 | D        | Killed a purple draconian
   232 | D        | Killed a draconian
   233 | D        | Reached skill level 10 in Axes
   233 | D        | Reached skill level 10 in Dodging
   233 | D        | Reached XP level 10. HP: 62/99 MP: 17/17
   233 | D        | Killed a draconian
   236 | D        | Killed a yellow draconian
   236 | D        | Killed a draconian
   237 | D        | Killed a green draconian
   237 | D        | Killed a draconian
   237 | D        | Killed a black draconian
   238 | D        | Reached skill level 10 in Fighting
   238 | D        | Reached XP level 11. HP: 78/109 MP: 17/19
   242 | D        | Got the ring "Keorocry" {rPois Will+ Dex+7 SInv Stlth-}
   268 | D        | Entered arena 11.
   269 | D        | Found a transporter.
   284 | D        | Got the ring "Lusank" {MP+9 Dex+5 Stlth+}
   301 | D        | Entered arena 12.
   302 | D        | Noticed an acid blob
   302 | D        | Noticed an acid blob
   302 | D        | Noticed a great orb of eyes
   303 | D        | Found a transporter.
   303 | D        | Paralysed by a floating eye for 4 turns
   308 | D        | Killed an acid blob
   309 | D        | Killed an acid blob
   311 | D        | Killed a great orb of eyes
   431 | D        | Entered arena 13.
   431 | D        | Noticed a stone giant
   431 | D        | Noticed an orc knight
   432 | D        | Identified the +8 eveningstar of Plunder {protect, Str+4}
   432 | D        | Noticed an orc sorcerer
   432 | D        | Noticed an orc knight
   434 | D        | Found a transporter.
   443 | D        | Killed a stone giant
   445 | D        | Killed an orc knight
   447 | D        | Killed an orc sorcerer
   454 | D        | Killed an orc knight
   488 | D        | Entered arena 14.
   492 | D        | Reached skill level 15 in Invocations
   492 | D        | Reached skill level 15 in Evocations
   492 | D        | Reached XP level 12. HP: 120/120 MP: 21/21
   492 | D        | Found a transporter.
   511 | D        | Entered arena 15.
   512 | D        | Noticed an iron golem
   512 | D        | Noticed a crystal guardian
   512 | D        | Noticed a quicksilver dragon
   512 | D        | Found the +8 Wrath of Trog {antimagic, *Rage Rampage}
   512 | D        | Noticed an iron golem
   512 | D        | Noticed an iron dragon
   513 | D        | Noticed an iron dragon
   513 | D        | Noticed a crystal guardian
   528 | D        | Killed a quicksilver dragon
   530 | D        | Killed a crystal guardian
   534 | D        | Killed an iron dragon
   539 | D        | Killed a crystal guardian
   542 | D        | Slain by an iron dragon

Illustrated notes

Levels and vault maps discovered:
D:        sprint_v [room_start, room_1, room_2, room_3, room_4, room_5, room_6,
          room_7, room_8, room_9, room_10, room_11, room_12, room_13, room_14,
          room_15, room_16, room_17, room_18, room_19, room_20, room_21,
          room_22, room_23, room_24, room_25, room_26, room_27]

Skill      XL: |  1  2  3  4  5  6  7  8  9 10 11 12 |
---------------+-------------------------------------+-----
Fighting       | 4 5 6 7 8 9 10 11 12 | 12.2
Axes           | 3 4 5 6 7 9 10 11 13 | 13.9
Armour         | 4 5 6 7 8 9 10 11 13 14 | 14.1
Dodging        | 2 3 4 5 6 7 8 10 11 12 13 | 13.7
Shields        | 4 5 6 8 9 10 11 13 14 | 14.1
Invocations    | 3 4 5 6 8 10 11 13 15 16 | 16.0
Evocations     | 3 4 5 6 8 10 11 13 15 16 | 16.0

Action                   |  1- 3 |  4- 6 |  7- 9 | 10-12 || total
-------------------------+-------+-------+-------+-------++-------
Melee: Broad axe         |     3 |    14 |    27 |    54 ||    98
Invok: Greater Servant o |       |       |       |     3 ||     3
       Major Destruction |       |       |       |     1 ||     1
 Abil: Heal Wounds       |       |       |     2 |     6 ||     8
Evoke: Tin of tremorston |       |     1 |     3 |     2 ||     6
  Use: Potion            |     1 |       |       |    10 ||    11
 Stab: Distracted        |       |     1 |     1 |     3 ||     5
Armor: Plate armour      |     3 |    10 |    15 |    32 ||    60
Dodge: Dodged            |       |     5 |     9 |    40 ||    54
Block: Kite shield       |     3 |    23 |    78 |   154 ||   258
